 Dungeon Crawl Stone Soup version 0.24.1-14-gf8d2b509d9 (webtiles) character file.

Game seed: 4499686025526642408, levelgen mode: deterministic

40 Spinowolf the Poker (level 3, -2/27 HPs)
             Began as a Demonspawn Gladiator on Nov 15, 2021.
             Slain by an ogre
             ... wielding a +0 giant spiked club
              (29 damage)
             ... on level 2 of the Dungeon.
             The game lasted 00:12:47 (983 turns).

Spinowolf the Poker (Demonspawn Gladiator)           Turns: 983, Time: 00:12:48

Health: -2/27      AC:  5    Str: 14    XL:     3   Next: 30%
Magic:  3/3        EV: 13    Int:  9    God:
Gold:   73         SH:  0    Dex: 15    Spells: 2/2 levels left

rFire    . . .     SeeInvis +   a - +0 trident
rCold    . . .     Gourm    .   (no shield)
rNeg     . . .     Faith    .   b - +0 leather armour
rPois    .         Spirit   .   (helmet restricted)
rElec    .         Reflect  .   (no cloak)
rCorr    .         Harm     .   (no gloves)
MR       .....                  (no boots)
Stlth    +.........             (no amulet)
HPRegen  0.09/turn              e - ring of see invisible
MPRegen  0.08/turn              (no ring)

@: no status effects
A: horns 1, slimy green scales 1
a: no special abilities


You were on level 2 of the Dungeon.
You were not hungry.

You visited 1 branch of the dungeon, and saw 2 of its levels.

You collected 73 gold pieces.

Inventory:

Hand Weapons
 a - a +0 trident (weapon)
 h - a +0 hand axe
Missiles
 d - a throwing net (quivered)
Armour
 b - a +0 leather armour (worn)
 c - a +0 helmet
Jewellery
 e - a ring of see invisible (left hand)
Scrolls
 i - a scroll of enchant weapon {unknown}
 l - 3 scrolls of immolation {unknown}
 m - a scroll of teleportation {unknown}
 n - a scroll of fog {unknown}
Potions
 g - a potion of mutation {unknown}
 j - a potion of lignification {unknown}
 k - a potion of resistance
Comestibles
 f - 3 rations


   Skills:
 + Level 2.2 Fighting
 + Level 3.3 Polearms
 + Level 2.0 Throwing
 + Level 0.8 Armour
 + Level 2.9 Dodging


You had 2 spell levels left.
You didn't know any spells.
Your spell library was empty.

Dungeon Overview and Level Annotations

Branches:
Dungeon (2/15)

Altars:


Innate Abilities, Weirdness & Mutations

You have a pair of small horns on your head.
You are partially covered in slimy green scales. (AC +2)


Message History

The ogre is severely wounded.
You barely miss the ogre. You headbutt the ogre.
The ogre is severely wounded.
The ogre barely misses you.
You barely miss the ogre.
The ogre is severely wounded.
The ogre completely misses you.
You hit the ogre. Your headbutt misses the ogre.
The ogre is severely wounded.
The ogre barely misses you.
You hit the ogre but do no damage.
The ogre is severely wounded.
You hit the ogre.
The ogre is almost dead.
The ogre barely misses you.
You hit the ogre.
The ogre is almost dead.
The ogre hits you with a +0 giant spiked club!!
Ouch! That really hurt!
You die...

### ...## #..$# . #....# .##
#.... ..# . #...##.# #..
#.)g#.## #..###O#..# #
#....@#..#.####.
####.....#...... .>
...#####.#.#....##.# #.#
#......# #..# #.#
#......###..
########.######...........
#........#...........###.####
#..........####......# #....#
#........### #......###.##..


You could see an ogre and a goblin.

Vanquished Creatures
  An ooze (D:1)
  2 leopard geckos
  A giant cockroach (D:2)
  2 goblins
  5 hobgoblins
  7 jackals (D:1)
  4 kobolds
  4 bats
  3 frilled lizards
29 creatures vanquished.

Notes
Turn   | Place    | Note
-------+----------+-------------------------------------------
     0 | D:1      | Spinowolf the Demonspawn Gladiator began the quest for the
                  | Orb.
     0 | D:1      | Reached XP level 1. HP: 16/16 MP: 1/1
   134 | D:1      | Reached skill level 3 in Polearms
   134 | D:1      | Gained mutation: You have a pair of small horns on your
                  | head. [demonic ancestry]
   134 | D:1      | Reached XP level 2. HP: 22/22 MP: 2/2
   686 | D:1      | Gained mutation: You are partially covered in slimy green
                  | scales. (AC +2) [demonic ancestry]
   686 | D:1      | Reached XP level 3. HP: 23/27 MP: 3/3
   961 | D:2      | Noticed an ogre
   983 | D:2      | Slain by an ogre

Levels and vault maps discovered:
D:1:      dpeg_arrival_arbitrary_a, layout_basic, minivault_19,
          serial_park_tiny_2, hex_tiny, corexii_leaking_fountain, st_stairs_14,
          minivault_27
D:2:      minmay_evil_eye, layout_rooms, tgw_xom, first_ration

Skill      XL: |  1  2 |
---------------+-------+-----
Polearms       | 3 |  3.3
Throwing       | 2 |  2.0
Fighting       | |  2.2
Armour         | |  0.8
Dodging        | |  2.9

Action                   || total
-------------------------++-------
Melee: Trident           ||   102
       Headbutt          ||    11
Throw: Throwing net      ||     3
  Use: Scroll            ||     2
 Stab: Held in net/web   ||     1
       Sleeping          ||     1
Armor: Leather armour    ||    30
Dodge: Dodged            ||    80
